 Dungeon Crawl Stone Soup version 0.20.1-1-g8b1a95d (webtiles) character file.

23 IoNois the Ruffian (level 2, 0/23 HPs)
             Began as a Draconian Transmuter on Nov 9, 2017.
             Slain by a kobold
             ... wielding a +0 whip
              (2 damage)
             ... on level 1 of the Dungeon.
             The game lasted 00:11:05 (2022 turns).

IoNois the Ruffian (Draconian Transmuter)           Turns: 2022, Time: 00:11:06

Health: 0/23       AC:  4    Str: 12    XL:     2   Next: 72%
Magic:  5/5        EV: 12    Int: 13    God:
Gold:   35         SH:  0    Dex: 11    Spells: 4/5 levels left

rFire    . . .     SeeInvis .   f - +0 club {Io}
rCold    . . .     Gourm    .   (no shield)
rNeg     . . .     Faith    .   (armour unavailable)
rPois    .         Spirit   .   (helmet restricted)
rElec    .         Reflect  .   (no cloak)
rCorr    .         Harm     .   (no gloves)
MR       .....                  (no boots)
Stlth    +.........             (no amulet)
Regen    0.1/turn               (no ring)
MPRegen  0.1/turn               (no ring)

@: fainting
A: unfitting armour, cold-blooded, AC +4
a: no special abilities


You were on level 1 of the Dungeon.
You were fainting.

You visited 1 branch of the dungeon, and saw 1 of its levels.

You collected 35 gold pieces.

Inventory:

Hand Weapons
 e - a +0 dagger
 f - a +0 club (weapon) {Io}
 g - a +0 club
 i - a +0 club
 l - a cursed +0 club
 v - a +0 dagger
Missiles
 a - 12 arrows
 r - 20 sling bullets
 w - 17 stones (quivered)
Armour
 n - a +0 scale mail
 s - a +0 leather armour
Scrolls
 o - a scroll of noise {unknown}
 p - a scroll of teleportation {unknown}
 q - 2 scrolls of remove curse {unknown}
 t - a scroll of identify {unknown}
 u - a scroll of fear {unknown}
Potions
 d - a potion of might {unknown}
 h - a potion of lignification {unknown}
 j - a potion of haste
 k - 2 potions of flight {unknown}
 m - a potion of degeneration {unknown}
Books
 b - a book of Changes

   Spells                             Type                      Level
   a - Beastly Appendage              Transmutation                1
   b - Sticks to Snakes               Transmutation                2
   c - Spider Form                    Transmutation/Poison         3
   d - Ice Form                       Ice/Transmutation            4
   e - Blade Hands                    Transmutation                5
Comestibles
 c - 2 meat rations


   Skills:
 + Level 1.2 Fighting
 + Level 2.0 Dodging
 + Level 3.7 Unarmed Combat
 + Level 2.1 Spellcasting
 + Level 2.0 Transmutations


You had 4 spell levels left.
You knew the following spells:

 Your Spells              Type           Power        Failure   Level  Hunger
a - Beastly Appendage     Tmut           #.....       11%         1    ##.....


Dungeon Overview and Level Annotations

Branches:
Dungeon (1/15)

Altars:


Innate Abilities, Weirdness & Mutations

Your plain brown scales are hard. (AC +4)
You cannot fit into any form of body armour.
You are cold-blooded and may be slowed by cold attacks.


Message History

The plant is almost destroyed.
The kobold barely misses you.
You hit the plant but do no damage.
The plant is almost destroyed.
The kobold hits you but does no damage.
You hit the plant but do no damage.
You tail-slap the plant, but do no damage.
The plant is almost destroyed.
The kobold barely misses you. The kobold closely misses you.
You hit the plant but do no damage.
The plant is almost destroyed.
The kobold hits you but does no damage.
You hit the plant but do no damage.
The plant is almost destroyed.
The kobold barely misses you.
You hit the plant but do no damage.
You tail-slap the plant, but do no damage.
The plant is almost destroyed.
The kobold completely misses you. The kobold hits you with a whip.
You die... .>##PPPP.P..<..PPPPPP# #.##PPPP...PPPP..PPPP# #.##PPP..P....PPP.PPP# #.##PPP..P.PPP.PP.PPP# #.##PP.P...P.PP.PP.PP# #PP.P.P..P.PP.P.PP# #PP.P.P.PPP.P.P.PP# #PP.P.P..P.PP.P.PP# #PP.PP..P.P@.PP.PP# #PPP.PP.PPPK...PPP# ...PPP.PP.....PP.PPP# ##.PPPP..PPPPP..PPPP# #.PPPPPP.....PPPPPP# #.PPPPPPPP.PPPPPPPP# #..........######### ###########

You could see a kobold.

Vanquished Creatures
  An ooze (D:1)
  2 dart slugs (D:1)
  A giant cockroach (D:1)
  A goblin (D:1)
  2 hobgoblins (D:1)
  3 jackals (D:1)
  A bat (D:1)
  2 kobolds (D:1)
  A rat (D:1)
  17 plants (D:1)
31 creatures vanquished.

Notes
Turn   | Place    | Note
-------+----------+-------------------------------------------
     0 | D:1      | IoNois the Draconian Transmuter began the quest for the Orb.
     0 | D:1      | Reached XP level 1. HP: 16/16 MP: 3/3
   760 | D:1      | Reached XP level 2. HP: 13/23 MP: 5/5
  2022 | D:1      | Slain by a kobold

Skill      XL: |  1 |
---------------+----+-----
Dodging        | 2 |  2.0
Fighting       | |  1.2
Unarmed Combat | |  3.7
Spellcasting   | |  2.1
Transmutations | |  2.0

Action                   || total
-------------------------++-------
Melee: Unarmed           ||   944
       Tailslap          ||   300
       Punch             ||    28
       Club              ||   314
 Cast: Beastly Appendage ||     1
  Eat: Bread ration      ||     1
Armor: Skin              ||    27
Dodge: Dodged            ||    71
